 Dungeon Crawl Stone Soup version 0.30.1-11-g7821555f0a (webtiles) character file.

Game seed: 12920378659235797749

1887 eliilek the Protected (level 8, -5/73 HPs)
             Began as a Minotaur Fighter on Dec 29, 2023.
             Was a Follower of Nemelex Xobeh.
             Engulfed by a steam dragon's steam (9 damage)
             ... on level 7 of the Dungeon on Dec 31, 2023.
             The game lasted 00:24:41 (6710 turns).

eliilek the Protected (Minotaur Fighter)            Turns: 6710, Time: 00:24:41

Health: -5/73      AC:  9    Str: 20    XL:     8   Next: 92%
Magic:  8/8        EV: 11    Int:  5    God:    Nemelex Xobeh [*.....]
Gold:   507        SH:  5    Dex: 13    Spells: 7/7 levels left

rFire   . . .        a - +0 morningstar
rCold   . . .        c - +0 buckler
rNeg    . . .        m - +0 scale mail
rPois   .            (helmet restricted)
rElec   .            (no cloak)
rCorr   .            (no gloves)
SInv    .            r - +0 pair of boots
Will    .....        (no amulet) Stlth
                     (no ring)
HPRegen 0.32/turn    (no ring)
MPRegen 0.11/turn

%: no passive effects
@: no status effects
A: horns 2, retaliatory headbutt
a: Renounce Religion, Draw Escape, Draw Destruction, Draw Summoning


You were on level 7 of the Dungeon.
You worshipped Nemelex Xobeh.
Nemelex Xobeh was aware of your devotion.
You visited 2 branches of the dungeon, and saw 8 of its levels.
You also visited: Ossuary.

You collected 540 gold pieces.
You spent 33 gold pieces at shops.

Inventory:

Hand Weapons
 a - a +0 morningstar (weapon)
 b - a +0 sling
Missiles
 w - 3 throwing nets
 C - 9 poisoned darts
Armour
 c - a +0 buckler (worn)
 m - a +0 scale mail (worn)
 r - a +0 pair of boots (worn)
Jewellery
 F - a ring of resist corrosion
Wands
 D - a wand of roots (9)
 E - a wand of flame (25)
Scrolls
 f - 4 scrolls of identify {unknown}
 i - 2 scrolls of magic mapping
 j - 2 scrolls of enchant weapon {unknown}
 k - 3 scrolls of amnesia
 l - 4 scrolls of teleportation {unknown}
 n - a scroll of summoning {unknown}
 t - a scroll of enchant armour {unknown}
 u - a scroll of torment {unknown}
 v - 2 scrolls of fear {unknown}
 x - 3 scrolls of fog
 y - 2 scrolls of blinking
 A - a scroll of immolation {unknown}
 G - 2 scrolls of poison {unknown}
 J - a scroll of noise {unknown}
Potions
 d - 3 potions of might
 e - 3 potions of heal wounds {unknown}
 g - 3 potions of curing
 h - 2 potions of mutation {unknown}
 o - 2 potions of flight
 p - 2 potions of resistance {unknown}
 q - 4 potions of attraction {unknown}
 s - a potion of lignification {unknown}
 z - a potion of berserk rage {unknown}
 B - a potion of ambrosia {unknown}
 H - a potion of haste {unknown}
 I - a potion of brilliance {unknown}


   Skills:
 + Level 7.0 Fighting
 - Level 2.4 Maces & Flails
 * Level 9.3 Armour
 + Level 5.2 Dodging
 - Level 7.0 Shields
 + Level 2.5 Invocations


You had 7 spell levels left.
You didn't know any spells.
Your spell library contained the following spells:

 Spells                   Type           Power      Damage    Failure   Level
 Apportation              Tloc           0%         N/A       83%         1
 Sting                    Tmut/Pois      0%         1d3       83%         1
 Ensorcelled Hibernation  Hex/Ice        0%         N/A       93%         2
 Poisonous Vapours        Pois/Air       0%         N/A       93%         2
 Static Discharge         Conj/Air       0%         2-2/arc   93%         2
 Dazzling Flash           Conj/Hex       0%         N/A       99%         3
 Spider Form              Tmut/Pois      0%         N/A       99%         3
 Airstrike                Air            0%         2d(0-16)  100%        4
 Anguish                  Hex/Necr       0%         N/A       100%        4
 Olgreb's Toxic Radiance  Pois           0%         N/A       100%        4
 Summon Lightning Spire   Summ/Air       0%         N/A       100%        4
 Agony                    Necr           0%         N/A       100%        5
 Alistair's Intoxication  Tmut/Pois      0%         N/A       100%        5
 Silence                  Hex/Air        0%         N/A       100%        5
 Borgnjor's Revivificati  Necr           0%         N/A       100%        8
 Necromutation            Tmut/Necr      0%         N/A       100%        8
 Death's Door             Necr           0%         N/A       100%        9


Dungeon Overview and Level Annotations

Branches:
Dungeon (7/15)             Temple (1/1) D:5         Ossuary (visited)

Altars:
Cheibriados
Dithmenos
Elyvilon
Fedhas
Gozag
Hepliaklqana
Kikubaaqudgha
Makhleb
Nemelex Xobeh
Okawaru
Qazlal
Ru
Sif Muna
Trog
Uskayaw
Wu Jian
Yredelemnul
Zin
The Shining One

Shops:
D:2 !   D:4 *


Innate Abilities, Weirdness & Mutations

You have a pair of horns on your head.
You reflexively headbutt those who attack you in melee.


Message History

Press: ? - help, Shift-Dir - straight line, f/p - steam dragon
Aim: a steam dragon (lightly wounded, catching its breath)
The wavering orb of destruction weakly hits the steam dragon!
The steam dragon is heavily wounded.
Your orb of destruction hits a rock wall.
You are engulfed in a cloud of scalding steam.
The steam dragon barely misses you. The steam dragon claws you.
Your orb of destruction hits a rock wall.
Your orb of destruction hits a rock wall.
The steam dragon breathes steam at you. The ball of steam hits you!
* * * LOW HITPOINT WARNING * * *
The steam dragon bites you.
* * * LOW HITPOINT WARNING * * *
The steam dragon barely misses you.
You closely miss the steam dragon. You headbutt the steam dragon.
The steam dragon is heavily wounded.
The steam dragon bites you but does no damage.
The steam dragon closely misses you.
You puncture the steam dragon!
The steam dragon is almost dead.
The steam dragon barely misses you. You furiously retaliate!
You headbutt the steam dragon, but do no damage.
The steam dragon barely misses you. The steam dragon bites you!
* * * LOW HITPOINT WARNING * * *
The steam dragon claws you.
* * * LOW HITPOINT WARNING * * *
You feel better. The steam dragon breathes steam at you.
The ball of steam hits you.
* * * LOW HITPOINT WARNING * * *
You barely miss the steam dragon.
The steam dragon is almost dead.
You are engulfed in a cloud of scalding steam.
The steam dragon barely misses you. You block the steam dragon's attack.
You hit the steam dragon but do no damage.
The steam dragon is almost dead.
You are engulfed in a cloud of scalding steam.
You die...
Your body disappears without a glow.

.......# .......#
.(.....# #..#####
...# .#.########
***####**
...##.....#
*,.....,*
.####.....#
#####......,* .#
##.....#
#.@D.......,*
.###......#
##..########**
.#........####...#
....#............#
###..#........####
**#....###.####
∩*#.##.##..#####
,*#.##.........#
,,#.##.........#
*****


You could see a steam dragon (catching breath).

Vanquished Creatures
  Grinder (D:6)
  A water moccasin (D:6)
  A phantom (D:6)
  A centaur (D:6)
  A kobold brigand (D:6)
  2 bullfrogs (D:7)
  4 scorpions
  3 wights (D:7)
  2 howler monkeys (D:7)
  A gnoll bouda (D:7)
  3 jellies
  4 hounds
  3 iguanas
  A sleepcap (D:7)
  8 mummies (Ossuary)
  14 adders
  7 gnolls
  8 worms
  4 dart slugs
  5 orcs (D:5)
  8 ball pythons
  5 bats
  8 endoplasms
  6 giant cockroaches
  7 goblins
  9 hobgoblins
  6 jackals (D:3)
  3 quokkas
  A frilled lizard (D:1)
  2 hobgoblin zombies (Ossuary)
  14 kobolds
  2 kobold zombies (Ossuary)
  4 orc zombies (Ossuary)
  8 rats
157 creatures vanquished.

Notes
Turn   | Place    | Note
-------+----------+-------------------------------------------
     0 | D:1      | eliilek the Minotaur Fighter began the quest for the Orb.
     0 | D:1      | Reached XP level 1. HP: 19/19 MP: 0/0
   322 | D:1      | Reached XP level 2. HP: 23/27 MP: 1/1
   351 | D:1      | Reached skill level 4 in Armour
   858 | D:2      | Reached skill level 1 in Dodging
   858 | D:2      | Reached XP level 3. HP: 27/33 MP: 2/2
  1088 | D:2      | You fall into a shaft and drop 2 floors!
  1115 | D:4      | Reached XP level 4. HP: 29/40 MP: 3/3
  1334 | D:3      | Reached skill level 5 in Armour
  1461 | D:3      | Reached XP level 5. HP: 47/47 MP: 4/4
  1997 | D:2      | Found Ipheowyo's Distillery.
  2005 | D:2      | Bought a potion of flight for 33 gold pieces
  2744 | D:4      | Reached skill level 5 in Shields
  2744 | D:4      | Reached XP level 6. HP: 50/55 MP: 5/5
  2779 | D:4      | Reached skill level 6 in Armour
  3026 | D:4      | Found Tioha's Assorted Antiques.
  3113 | D:4      | Reached skill level 5 in Fighting
  3607 | D:5      | Entered Level 5 of the Dungeon
  3615 | D:5      | Identified the ring of Wariness {Ice Fly}
  4054 | D:5      | Reached XP level 7. HP: 59/61 MP: 6/6
  4246 | D:5      | Reached skill level 7 in Armour
  4250 | D:5      | Found a staircase to the Ecumenical Temple.
  4259 | Temple   | Entered the Ecumenical Temple
  4267 | Temple   | Became a worshipper of Nemelex Xobeh the Trickster
  5204 | D:6      | Found an ancient bone altar of Kikubaaqudgha.
  5519 | D:6      | Reached XP level 8. HP: 70/70 MP: 7/7
  5576 | D:6      | Reached skill level 8 in Armour
  5814 | D:6      | Noticed Grinder
  5819 | D:6      | Paralysed by Grinder for 2 turns
  5821 | D:6      | Killed Grinder
  5822 | D:6      | Reached skill level 1 in Invocations
  6078 | D:7      | Reached skill level 5 in Dodging
  6084 | D:7      | Reached skill level 9 in Armour
  6090 | D:7      | Reached * piety under Nemelex Xobeh
  6117 | D:7      | Found a sand-covered staircase.
  6277 | Ossuary  | Entered an ossuary
  6668 | D:7      | Received a gift from Nemelex Xobeh
  6707 | D:7      | HP: 2/73 [steam dragon (3)]
  6710 | D:7      | Engulfed by a steam dragon's steam

Illustrated notes

Levels and vault maps discovered:
D:1:      heliophobic_arrival_ceremonial_halls, layout_loops_ring,
          minmay_tree_intersection, minmay_close_crescents
D:2:      minmay_door_path, layout_basic, serial_shops, shop, serial_park_tiny_2
D:3:      minmay_general_purpose_star, layout_basic, st_stairs_5,
          minmay_fractal_squares_gapless_5
D:4:      layout_basic, serial_shops, shop, corexii_checkpoint_a,
          dreamdust_mushroom_princess
D:5:      layout_basic, temple_hall
D:6:      layout_loops_ring, kiku_gazebo_garden_becter, hangedman_glass_teeth,
          nicolae_hexahallways, hangedman_decor_diamond_cutter,
          nrook_loot_triangle, uniq_grinder
D:7:      layout_rooms, enter_ossuary_5, nicolae_shop_i_like_small_books_too,
          nicolae_kite_square_tiling_tiny
Temple:   nicolae_temple_two_arcs

Skill      XL: |  1  2  3  4  5  6  7  8 |
---------------+-------------------------+-----
Armour         | 4 5 6 7 9 |  9.3
Dodging        | 1 2 3 4 5 |  5.2
Shields        | 4 5 6 7 |  7.0
Fighting       | 4 5 6 7 |  7.0
Invocations    | 2 |  2.5
Maces & Flails | |  2.4

Action                     |  1- 3 |  4- 6 |  7- 9 || total
---------------------------+-------+-------+-------++-------
  Melee: Flail             |    57 |     7 |       ||    64
         Headbutt          |    11 |    14 |    26 ||    51
         Morningstar       |       |   140 |   143 ||   283
   Fire: Sling             |    26 |   109 |    36 ||   171
 Invoke: Draw Destruction  |       |       |     1 ||     1
    Use: Scroll            |       |       |     4 ||     4
         Potion            |       |       |     3 ||     3
 Armour: Scale mail        |    24 |    97 |    71 ||   192
  Dodge: Dodged            |    35 |   102 |   104 ||   241
  Block: Buckler           |     8 |    59 |    45 ||   112
